 Dungeon Crawl Stone Soup version 0.21.1-1-g345015f (webtiles) character file.

402 eccles the Bolt Thrower (level 6, -3/51 HPs)
             Began as a Centaur Hunter on July 11, 2018.
             Slain by an orc
             ... wielding a +0 hand axe
              (4 damage)
             ... on level 4 of the Dungeon.
             The game lasted 00:21:21 (2554 turns).

eccles the Bolt Thrower (Centaur Hunter)            Turns: 2554, Time: 00:21:22

Health: -3/51      AC:  7    Str: 20    XL:     6   Next: 55%
Magic:  6/6        EV:  6    Int: 10    God:
Gold:   313        SH:  7    Dex: 11    Spells: 4/5 levels left

rFire    . . .     SeeInvis .   b - +0 short sword
rCold    . . .     Gourm    .   u - +0 shield
rNeg     . . .     Faith    .   l - +1 ring mail
rPois    .         Spirit   .   j - +0 helmet
rElec    .         Reflect  .   (no cloak)
rCorr    .         Harm     .   (no gloves)
MR       .....                  (no barding)
Stlth    ..........             h - amulet of rage
HPRegen  0.17/turn              (no ring)
MPRegen  0.10/turn              (no ring)

@: mighty, very quick
A: large, hooves 3, deformed body, speed 2, tough skin 3
a: Evoke Berserk Rage


You were on level 4 of the Dungeon.
You were not hungry.

You visited 1 branch of the dungeon, and saw 4 of its levels.

You collected 313 gold pieces.

Inventory:

Hand Weapons
 a - a +2 hand crossbow
 b - a +0 short sword (weapon)
 e - a -2 short sword
 o - a +3 short sword
Missiles
 d - 13 bolts
 p - 3 tomahawks (quivered)
Armour
 c - a +0 leather armour
 j - a +0 helmet (worn)
 l - a +1 ring mail (worn)
 u - a +0 shield (worn)
Jewellery
 h - an amulet of rage (around neck)
Scrolls
 k - a scroll of enchant armour
 n - a scroll of teleportation
 s - a scroll of magic mapping {unknown}
 t - a scroll of fear {unknown}
Potions
 m - a potion of might
 q - a potion of ambrosia {unknown}
 r - a potion of lignification {unknown}
Books
 i - a book of Cantrips

   Spells                             Type                      Level
   a - Confusing Touch                Hexes                        1
   b - Animate Skeleton               Necromancy                   1
   c - Summon Small Mammal            Summoning                    1
   d - Apportation                    Translocation                1
Comestibles
 f - 14 rations
 g - 5 chunks of flesh


   Skills:
 + Level 3.0 Fighting
 * Level 7.8 Crossbows
 + Level 0.6 Armour
 + Level 1.9 Dodging
 + Level 0.6 Stealth
 + Level 0.1 Summonings


You had 4 spell levels left.
You knew the following spells:

 Your Spells              Type           Power        Failure   Level  Hunger
a - Summon Small Mammal   Summ           #...         99%         1    ##.....


Dungeon Overview and Level Annotations

Branches:
Dungeon (4/15)
 Temple: D:4-7

Altars:
Elyvilon
Fedhas
Okawaru
Ru
Trog
Wu Jian
Yredelemnul
The Shining One

Annotations:
D:4 2 transporters


Innate Abilities, Weirdness & Mutations

You have hooves in place of feet.
Armour fits poorly on your strangely shaped body.
You cover ground very quickly.
You have extremely tough skin. (AC +3)


Message History

* * * LOW HITPOINT WARNING * * *
You aren't carrying any items that you can evoke.
Do you really want to go berserk while wielding your +2 hand crossbow? [Y]es or [N]o only, please.
Do you really want to go berserk while wielding your +2 hand crossbow?
Okay, then.
b - a +0 short sword (weapon)
You fail to use your ability.
The orc priest invokes the aid of Beogh against you.
Beogh smites you!
* * * LOW HITPOINT WARNING * * *
The orc hits you with a hand axe.
* * * LOW HITPOINT WARNING * * *
You hear a shout!
It was a potion of might.
You feel very mighty all of a sudden.
The orc priest looks satisfied for a moment.
The orc wizard gestures wildly while chanting.
The orc wizard blinks!
The orc hits you with a hand axe.
You die...

######...#
#........####.#
######.........
#...####.#
#...####.#
#.........
#...####..
#.)ยง####.###.
#.ooo@.......
#..o####.###.
#####...####.#
#............(
#.###..o......
#.(.##....
.....


.ooo ##..... ..# #...... .o You could see 2 orc priests, an orc wizard and an
orc.

Vanquished Creatures
  A bullfrog (D:3)
  An orc priest (D:3)
  3 orc wizards (D:3)
  Jessica (D:2)
  A worker ant (D:4)
  4 adders
  2 oozes
  An adder skeleton (D:4)
  A worm (D:2)
  2 dart slugs
  3 leopard geckos
  25 orcs
  6 bats
  5 giant cockroaches
  3 goblins
  2 hobgoblins
  3 quokkas
  5 frilled lizards
  10 kobolds
  4 rats
83 creatures vanquished.

Vanquished Creatures (others)
  An orc wizard (D:3)
1 creature vanquished.

Grand Total: 84 creatures vanquished

Notes
Turn   | Place    | Note
-------+----------+-------------------------------------------
     0 | D:1      | eccles the Centaur Hunter began the quest for the Orb.
     0 | D:1      | Reached XP level 1. HP: 17/17 MP: 1/1
   112 | D:1      | Found an iron altar of Okawaru.
   231 | D:1      | Reached XP level 2. HP: 24/24 MP: 2/2
   426 | D:1      | Reached skill level 5 in Crossbows
   686 | D:2      | Noticed Jessica
   692 | D:2      | Killed Jessica
   692 | D:2      | Reached XP level 3. HP: 25/30 MP: 3/3
  1063 | D:2      | Found a faded altar of an unknown god.
  1089 | D:2      | Reached XP level 4. HP: 37/37 MP: 4/4
  1109 | D:2      | Learned a level 1 spell: Summon Small Mammal
  1196 | D:2      | Found a blossoming altar of Fedhas.
  1202 | D:2      | Found a bloodstained altar of Trog.
  1203 | D:2      | Found an ornate altar of the Wu Jian Council.
  1204 | D:2      | Found a glowing golden altar of the Shining One.
  1207 | D:2      | Found a basalt altar of Yredelemnul.
  1462 | D:3      | Reached skill level 6 in Crossbows
  1567 | D:3      | Reached XP level 5. HP: 40/44 MP: 3/5
  1647 | D:3      | Reached skill level 7 in Crossbows
  1807 | D:3      | Reached XP level 6. HP: 47/51 MP: 6/6
  2073 | D:4      | Found a sacrificial altar of Ru.
  2073 | D:4      | Found a white marble altar of Elyvilon.
  2238 | D:4      | Found a transporter.
  2280 | D:4      | Found a transporter.
  2553 | D:4      | HP: 2/51 [orc priest/divine providence (13)]
  2554 | D:4      | Slain by an orc

Skill      XL: |  1  2  3  4  5 |
---------------+----------------+-----
Crossbows      | 5 6 7 |  7.8
Fighting       | 3 |  3.0
Armour         | |  0.6
Dodging        | |  1.9
Stealth        | |  0.6
Summonings     | |  0.1

Action                   |  1- 3 |  4- 6 || total
-------------------------+-------+-------++-------
Melee: Short sword       |       |     7 ||     7
       Kick              |       |     2 ||     2
 Fire: Hand crossbow     |    51 |   154 ||   205
Throw: Tomahawk          |       |     3 ||     3
 Cast: Summon Small Mamm |       |     1 ||     1
  Use: Scroll            |     5 |     2 ||     7
       Potion            |     2 |     1 ||     3
  Eat: Chunk             |       |     3 ||     3
Armor: Leather armour    |     5 |       ||     5
       Ring mail         |     9 |    40 ||    49
Dodge: Dodged            |    11 |    35 ||    46
Block: Shield            |       |     1 ||     1
